 Dungeon Sprint DCSS version 0.29.1-12-g30fa7ad0bf (webtiles) character file.

Game seed: 6810772780939951950

56334 retardedninja the Axe Maniac (level 14, -8/157 HPs)
             Began as a Minotaur Fighter on Jan 4, 2023.
             Was a High Priest of Trog.
             Killed from afar by an ironbound thunderhulk (19 damage)
             ... with a bolt of lightning
             ... in the Dungeon (Sprint IX: "|||||||||||||||||||||||||||||").
             The game lasted 00:16:17 (6796 turns).

retardedninja the Axe Maniac (Minotaur Fighter)     Turns: 6796, Time: 00:16:19

Health: -8/157     AC: 28    Str: 31    XL:     14   Next: 41%
Magic:  13/13      EV: 11    Int:  5    God:    Trog [*****.]
Gold:   724        SH:  8    Dex: 11    Spells: 13/13 levels left

rFire   x . .      SeeInvis +   k - +5 broad axe "Jeuwith" {vorpal, rElec rF- Will+++ SInv}
rCold   . . .      Faith    .   c - +0 buckler
rNeg    + . .      Spirit   .   g - +3 plate armour "Luokew" {+Inv rPois rN+}
rPois   +          Reflect  .   (helmet restricted)
rElec   +          Harm     .   e - +0 cloak
rCorr   .          Rampage  .   (no gloves)
Will    +++++      NoTele   +   m - +0 pair of boots
Stlth   ..........              (no amulet)
HPRegen 0.36/turn               p - +6 ring of strength
MPRegen 0.13/turn               d - ring of willpower

@: on berserk cooldown, slowed, very slow
A: horns 2, retaliatory headbutt
a: Renounce Religion, Evoke Invisibility, Berserk, Trog's Hand, Brothers in Arms


You were in the Dungeon.
You worshipped Trog.
Trog was extremely pleased with you.
You visited 1 branch You collected 1928 gold pieces.
You spent 1204 gold pieces at shops.

Inventory:

Hand Weapons
 a - a +7 broad axe of flaming
 k - the +5 broad axe "Jeuwith" (weapon) {vorpal, rElec rF- Will+++ SInv}
   (Trog gifted it to you in the Dungeon)

   It inflicts extra damage upon your enemies.
   rF:        It makes you vulnerable to fire.
   rElec:     It insulates you from electricity.
   SInv:      It lets you see invisible.
   Will:      It greatly increases your willpower.
 l - a +1 broad axe of freezing
Armour
 c - a +0 buckler (worn)
 e - a +0 cloak (worn)
 g - the +3 plate armour "Luokew" (worn) {+Inv rPois rN+}
   (You bought it in a shop in the Dungeon)

   rPois:     It protects you from poison.
   rN:        It protects you from negative energy.
   +Inv:      It lets you turn invisible.
 m - a +0 pair of boots (worn)
 t - a +1 cloak
Jewellery
 d - a ring of willpower (right hand)
 n - a ring of protection from fire
 o - a ring of ice
 p - a +6 ring of strength (left hand)
 r - a ring of fire
 s - a ring of protection from fire
Wands
 b - a wand of digging (7)
Scrolls
 j - 3 scrolls of blinking
 q - 2 scrolls of identify
 w - a scroll of fear
Potions
 f - a potion of heal wounds
 h - 4 potions of magic
 i - 6 potions of curing


   Skills:
 + Level 23.6 Fighting
 O Level 27 Axes
 + Level 25.1 Armour
 + Level 6.1 Dodging
 - Level 5.1 Stealth
 + Level 17.3 Shields
 + Level 5.9 Evocations


You had 13 spell levels left.
You didn't know any spells.
Your spell library was empty.

Dungeon Overview and Level Annotations

Branches:
Dungeon (1/1)

Altars:
Cheibriados
Dithmenos
Elyvilon
Fedhas
Gozag
Hepliaklqana
Kikubaaqudgha
Makhleb
Nemelex Xobeh
Okawaru
Qazlal
Ru
Sif Muna
Trog
Uskayaw
Vehumet
Wu Jian
Xom
Yredelemnul
Zin
The Shining One
Jiyva
Lugonu

Shops:
D *[:=


Innate Abilities, Weirdness & Mutations

You have a pair of horns on your head.
You reflexively headbutt those who attack you in melee.


Message History

Electricity crackles from the ironbound thunderhulk's apparatus.
The bolt of lightning hits you. You resist.
The ironbound thunderhulk hits you but does no damage.
The yaktaur captain shoots a bolt.
The bolt closely misses your troll. The bolt hits you!!
Electricity crackles from the ironbound thunderhulk's apparatus.
The bolt of lightning hits you! You resist.
You slice the ironbound thunderhulk!!
The ironbound thunderhulk is almost dead.
The yaktaur captain shoots a bolt.
The bolt hits your troll!!
Your troll dies!
Your troll's corpse disappears in a puff of smoke!
The ironbound thunderhulk hits you with a +0 dire flail!
* * * LOW HITPOINT WARNING * * *
Electricity crackles from the ironbound thunderhulk's apparatus.
The bolt of lightning hits you! You resist.
* * * LOW HITPOINT WARNING * * *
You barely miss the ironbound thunderhulk.
The ironbound thunderhulk is almost dead.
The yaktaur captain shoots a bolt.
The bolt hits you!
* * * LOW HITPOINT WARNING * * *
The ironbound thunderhulk hits you with a +0 dire flail!
* * * LOW HITPOINT WARNING * * *
The necromancer gestures wildly while chanting.
The necromancer binds the souls of nearby monsters.
The ironbound preserver gestures wildly while chanting.
The ironbound preserver is healed somewhat.
Strange energies crackle from the ironbound thunderhulk's apparatus.
The ironbound thunderhulk blinks!
Unknown command.
You feel much better.
The yaktaur captain shoots a bolt.
You block the bolt.
The yaktaur captain shoots a bolt.
The bolt hits you!!
* * * LOW HITPOINT WARNING * * *
You block the ironbound thunderhulk's attack.
Blink to where?
Press: ? - help, Q - select action, (/) - cycle Dir - move target
As you read the scroll of blinking, it crumbles to dust.
Electricity crackles from the ironbound thunderhulk's apparatus.
The bolt of lightning hits you!! You resist.
You die...

.).))).).....!..[[.[[[[[.))))))))
▓▓▓▓▓▓▓▓▓▓▓▓▓▓▓▓▓▓▓▓▓▓▓▓▓▓▓▓▓▓▓▓▓
.................................
▓▓▓▓▓▓▓▓▓▓▓▓▓▓▓▓▓▓▓▓▓▓▓♣♣♣♣♣♣♣♣♣♣
.)'......)))'........)'........))
▓▓▓▓▓▓▓▓▓▓▓▓▓▓▓▓▓▓▓▓▓▓▓♣♣♣♣♣♣♣♣♣♣
.................................
▓▓▓▓▓▓▓▓▓▓▓▓▓▓▓▓▓▓▓▓▓▓▓▓▓▓▓▓▓▓▓▓▓
p§ppOpc.†§O)....@)........[.(['))
▓▓▓▓▓▓▓▓▓▓▓▓▓▓▓▓▓▓▓▓▓▓▓▓▓▓▓▓▓▓▓▓▓


You could see an ironbound thunderhulk.

Vanquished Creatures
  Saint Roka (D)
  2 sphinxes (D)
  Kirke (D)
  An ironbound preserver (D)
  2 very ugly things (D)
  A stone giant (D)
  An eleionoma (D)
  2 vampire knights (D)
  A bunyip (D)
  A merfolk impaler (D)
  2 ice dragons (D)
  An ogre mage (D)
  An ironbound frostheart (D)
  4 hydras (D)
  A merfolk avatar (D)
  2 anacondas (D)
  Erica (D)
  A radroach (D)
  A naga warrior (D)
  A deep troll earth mage (D)
  A deep troll shaman (D)
  A tengu warrior (D)
  A centaur warrior (D)
  A shock serpent (D)
  2 orc high priests (D)
  A vampire mage (D)
  A sea snake (D)
  A flayed ghost (D)
  A spriggan druid (D)
  2 orb spiders (D)
  2 sun moths (D)
  2 lindwurms (D)
  A necromancer (D)
  2 orc knights (D)
  A wolf spider (D)
  A harpy (D)
  2 deep elf pyromancers (D)
  An orc sorcerer (D)
  A cyclops (D)
  2 mana vipers (D)
  A moth of wrath (D)
  2 elephants (D)
  2 manticores (D)
  Maurice (D)
  2 naga magi (D)
  Joseph (D)
  A black mamba (D)
  2 cane toads (D)
  A rime drake (D)
  A demonic crawler (D)
  A yaktaur (D)
  A merfolk (D)
  A blink frog (D)
  A tarantella (D)
  A troll (D)
  A dream sheep (D)
  2 snapping turtles (D)
  A shadow (D)
  A wyvern (D)
  2 wraiths (D)
  3 yaks (D)
  A basilisk (D)
  A hog (D)
  A vampire mosquito (D)
  A redback (shapeshifter) (D)
  3 wargs (D)
  An acid dragon (D)
  6 water moccasins (D)
  2 hell hounds (D)
  An ice beast (D)
  10 orc warriors (D)
  An ogre (D)
  4 wolves (D)
  An orc priest (D)
  An iguana (D)
  An orc wizard (D)
  An adder (D)
  A dart slug (D)
  13 orcs (D)
  A goblin (D)
  2 kobolds (D)
  A frilled lizard (D)
138 creatures vanquished.

Vanquished Creatures (collateral kills)
  A spriggan defender (D)
  3 very ugly things (D)
  A fire dragon (D)
  An ice dragon (D)
  A ghost crab (D)
  A rakshasa (D)
  A boulder beetle (D)
  2 hydras (D)
  A deep troll earth mage (D)
  A spriggan berserker (D)
  A spriggan druid (D)
  A flayed ghost (D)
  An ironbound convoker (D)
  6 orc knights (D)
  An ugly thing (D)
  2 cyclopes (D)
  3 orc sorcerers (D)
  An efreet (D)
  4 orc warriors (D)
  An adder simulacrum (D)
34 creatures vanquished.

Vanquished Creatures (others)
  A goliath frog (D)
  An orc wizard (D)
2 creatures vanquished.

Grand Total: 174 creatures vanquished

Notes
Turn   | Place    | Note
-------+----------+-------------------------------------------
     0 | D        | retardedninja the Minotaur Fighter began the quest for the
                  | Orb.
     0 | D        | Reached XP level 1. HP: 19/19 MP: 0/0
    21 | D        | Reached skill level 3 in Axes
   361 | D        | Noticed an ogre
   361 | D        | Noticed an iguana
   361 | D        | Noticed an ice beast
   361 | D        | Noticed a water moccasin
   366 | D        | Killed a water moccasin
   367 | D        | Reached skill level 5 in Axes
   367 | D        | Reached XP level 2. HP: 31/31 MP: 1/1
   367 | D        | Reached XP level 3. HP: 38/38 MP: 2/2
   367 | D        | Reached XP level 4. HP: 45/45 MP: 3/3
   372 | D        | Killed an ice beast
   373 | D        | Reached skill level 6 in Axes
   373 | D        | Reached XP level 5. HP: 38/52 MP: 4/4
   376 | D        | Reached skill level 7 in Axes
   378 | D        | Killed an ogre
   379 | D        | Reached skill level 8 in Axes
   379 | D        | Reached XP level 6. HP: 43/62 MP: 5/5
   692 | D        | Found a snail-covered altar of Cheibriados.
   692 | D        | Found a shadowy altar of Dithmenos.
   692 | D        | Found a white marble altar of Elyvilon.
   692 | D        | Found a blossoming altar of Fedhas.
   692 | D        | Found an opulent altar of Gozag.
   693 | D        | Found a hazy altar of Hepliaklqana.
   694 | D        | Found a viscous altar of Jiyva.
   695 | D        | Found an ancient bone altar of Kikubaaqudgha.
   696 | D        | Found a corrupted altar of Lugonu.
   697 | D        | Found a burning altar of Makhleb.
   698 | D        | Found a sparkling altar of Nemelex Xobeh.
   699 | D        | Found an iron altar of Okawaru.
   700 | D        | Found a stormy altar of Qazlal.
   701 | D        | Found a sacrificial altar of Ru.
   702 | D        | Found a shimmering blue altar of Sif Muna.
   703 | D        | Found a bloodstained altar of Trog.
   704 | D        | Found a hide-covered altar of Uskayaw.
   705 | D        | Found a radiant altar of Vehumet.
   706 | D        | Found an ornate altar of the Wu Jian Council.
   707 | D        | Found a shimmering altar of Xom.
   708 | D        | Found a basalt altar of Yredelemnul.
   709 | D        | Found a glowing silver altar of Zin.
   710 | D        | Found a glowing golden altar of the Shining One.
   715 | D        | Became a worshipper of Trog the Wrathful
   774 | D        | Noticed a yak
   774 | D        | Noticed an acid dragon
   774 | D        | Noticed a shadow
   774 | D        | Noticed a wraith
   782 | D        | Killed a wraith
   783 | D        | Reached skill level 9 in Axes
   783 | D        | Reached skill level 10 in Armour
   784 | D        | Killed a shadow
   785 | D        | Reached XP level 7. HP: 24/70 MP: 6/6
   786 | D        | Reached * piety under Trog
   787 | D        | Reached skill level 10 in Axes
   789 | D        | Reached skill level 1 in Dodging
   792 | D        | Killed a yak
   792 | D        | Reached ** piety under Trog
   793 | D        | Reached skill level 11 in Axes
  1226 | D        | Noticed a troll
  1226 | D        | Noticed a deep elf pyromancer
  1226 | D        | Noticed a vampire mosquito
  1226 | D        | Noticed a wraith
  1226 | D        | Noticed a deep elf pyromancer
  1226 | D        | Noticed a cyclops
  1228 | D        | Noticed a fire elemental
  1228 | D        | Killed a cyclops
  1229 | D        | Reached skill level 12 in Axes
  1229 | D        | Reached skill level 1 in Stealth
  1229 | D        | Reached XP level 8. HP: 79/79 MP: 7/7
  1231 | D        | Reached skill level 10 in Fighting
  1231 | D        | Killed a deep elf pyromancer
  1231 | D        | Reached *** piety under Trog
  1232 | D        | Reached skill level 13 in Axes
  1232 | D        | Reached skill level 10 in Shields
  1234 | D        | Reached skill level 14 in Axes
  1238 | D        | Killed a deep elf pyromancer
  1239 | D        | Reached skill level 15 in Axes
  1239 | D        | Reached XP level 9. HP: 86/86 MP: 8/8
  1242 | D        | Killed a troll
  1242 | D        | Reached **** piety under Trog
  1388 | D        | Noticed a cane toad
  1392 | D        | Noticed a seven-headed hydra
  1409 | D        | Killed a nine-headed hydra
  1410 | D        | Reached skill level 16 in Axes
  1410 | D        | Reached skill level 15 in Armour
  1412 | D        | Killed a cane toad
  1414 | D        | Reached ***** piety under Trog
  1415 | D        | Reached skill level 17 in Axes
  1424 | D        | Reached skill level 1 in Evocations
  1424 | D        | Reached XP level 10. HP: 49/96 MP: 9/9
  1428 | D        | Received a gift from Trog
  1817 | D        | Noticed an elephant
  1817 | D        | Noticed an elephant
  1831 | D        | Killed an elephant
  1833 | D        | Noticed a seven-headed hydra
  1838 | D        | Noticed a cane toad
  1840 | D        | Killed an elephant
  1841 | D        | Reached skill level 18 in Axes
  1846 | D        | Received a gift from Trog
  1859 | D        | Killed a seven-headed hydra
  1865 | D        | Killed a cane toad
  1901 | D        | Reached skill level 19 in Axes
  1913 | D        | Received a gift from Trog
  1941 | D        | Got the +10 whip of the Purse {freeze, Int+3}
  2038 | D        | Noticed Maurice
  2061 | D        | Killed Maurice
  2117 | D        | Noticed Joseph
  2128 | D        | Killed Joseph
  2129 | D        | Reached XP level 11. HP: 76/106 MP: 10/10
  2380 | D        | Reached ****** piety under Trog
  2380 | D        | Received a gift from Trog
  2393 | D        | Noticed an orc knight
  2399 | D        | Received a gift from Trog
  2409 | D        | Killed an orc knight
  2449 | D        | Noticed an orc knight
  2455 | D        | Noticed an orc sorcerer
  2460 | D        | Reached skill level 20 in Axes
  2460 | D        | Noticed an orc knight
  2473 | D        | Killed an orc knight
  2474 | D        | Killed an orc sorcerer
  2475 | D        | Received a gift from Trog
  2481 | D        | Killed an orc knight
  2783 | D        | Found Dedwe's Jewellery Boutique.
  2783 | D        | Noticed an orc sorcerer
  2783 | D        | Noticed an orc knight
  2783 | D        | Noticed an orc knight
  2783 | D        | Noticed an orc high priest
  2785 | D        | Noticed an orc knight
  2788 | D        | Noticed a soul eater
  2790 | D        | Killed an orc high priest
  2796 | D        | Killed an orc knight
  2805 | D        | Killed an orc knight
  2806 | D        | Reached skill level 21 in Axes
  2806 | D        | Killed an orc sorcerer
  2806 | D        | Received a gift from Trog
  2808 | D        | Noticed an orc knight
  2812 | D        | Killed an orc knight
  2814 | D        | Noticed an orc sorcerer
  2814 | D        | Noticed a sixfirhy
  2815 | D        | Killed an orc knight
  2816 | D        | Reached skill level 15 in Fighting
  2816 | D        | Killed an orc sorcerer
  2820 | D        | Found Henuxath's Book Shop.
  2822 | D        | Found Wooruptea's Antique Armour Boutique.
  2824 | D        | Found Fuub's General Store.
  2825 | D        | Noticed an orc knight
  2827 | D        | Noticed an orc high priest
  2829 | D        | Noticed an orc sorcerer
  2837 | D        | Killed an orc knight
  2838 | D        | Noticed a sun demon
  2846 | D        | Killed an orc high priest
  2849 | D        | Killed an orc sorcerer
  2849 | D        | Received a gift from Trog
  2850 | D        | Reached skill level 5 in Stealth
  3209 | D        | Bought a shimmering plate armour for 700 gold pieces
  3209 | D        | Identified the +3 plate armour "Luokew" {+Inv rPois rN+}
                  | (You bought it in a shop in the Dungeon)
  3226 | D        | Bought a +6 ring of strength for 504 gold pieces
  3294 | D        | Noticed Erica
  3300 | D        | Killed Erica
  3301 | D        | Reached skill level 22 in Axes
  3301 | D        | Reached XP level 12. HP: 122/122 MP: 11/11
  3456 | D        | Got the +8 falchion "Nyven" {vorpal, rF++ rCorr Str+3}
  3480 | D        | Noticed a boulder beetle
  3480 | D        | Noticed a seven-headed hydra
  3480 | D        | Noticed a rakshasa
  3486 | D        | Killed a rakshasa
  3493 | D        | Killed a seven-headed hydra
  3496 | D        | Killed a boulder beetle
  3505 | D        | Noticed a cyan very ugly thing
  3507 | D        | Noticed a tengu warrior
  3514 | D        | Killed an ogre mage
  3514 | D        | Received a gift from Trog
  3525 | D        | Noticed a vampire mage
  3532 | D        | Killed a cyan very ugly thing
  3533 | D        | Reached skill level 23 in Axes
  3535 | D        | Killed a vampire mage
  3538 | D        | Killed a tengu warrior
  3539 | D        | Reached skill level 5 in Evocations
  3882 | D        | Noticed a purple very ugly thing
  3882 | D        | Noticed a cyan very ugly thing
  3883 | D        | Noticed a deep troll earth mage
  3892 | D        | Killed a purple very ugly thing
  3895 | D        | Killed a purple very ugly thing
  3897 | D        | Killed a deep troll earth mage
  3897 | D        | Received a gift from Trog
  3969 | D        | Noticed Kirke
  3979 | D        | Killed Kirke
  3985 | D        | Noticed Saint Roka
  4005 | D        | Killed Saint Roka
  4005 | D        | Received a gift from Trog
  4006 | D        | Reached skill level 24 in Axes
  4456 | D        | Noticed a seven-headed hydra
  4456 | D        | Noticed a seven-headed hydra
  4456 | D        | Noticed a four-headed hydra
  4456 | D        | Noticed a ghost crab
  4465 | D        | Killed a ghost crab
  4466 | D        | Reached XP level 13. HP: 136/136 MP: 12/12
  4468 | D        | Noticed an eleionoma
  4470 | D        | Noticed a bunyip
  4474 | D        | Killed an eleionoma
  4477 | D        | Received a gift from Trog
  4480 | D        | Killed a bunyip
  4498 | D        | Reached skill level 15 in Shields
  4729 | D        | Reached skill level 25 in Axes
  4731 | D        | Reached skill level 5 in Dodging
  4734 | D        | Received a gift from Trog
  5208 | D        | Received a gift from Trog
  5222 | D        | Received a gift from Trog
  5588 | D        | Noticed a merfolk impaler
  5605 | D        | Killed a merfolk impaler
  5606 | D        | Reached skill level 26 in Axes
  5612 | D        | Received a gift from Trog
  6267 | D        | Noticed a vampire knight
  6267 | D        | Noticed a sphinx
  6267 | D        | Noticed a purple very ugly thing
  6268 | D        | Noticed a cyan very ugly thing
  6272 | D        | Killed a vampire knight
  6274 | D        | Killed a purple very ugly thing
  6276 | D        | Received a gift from Trog
  6277 | D        | Noticed a fire dragon
  6281 | D        | Killed a sphinx
  6292 | D        | Killed a red very ugly thing
  6296 | D        | Killed a fire dragon
  6297 | D        | Reached XP level 14. HP: 154/154 MP: 13/13
  6297 | D        | Noticed a vampire knight
  6304 | D        | Noticed a stone giant
  6315 | D        | Identified the +5 broad axe "Jeuwith" {vorpal, rElec rF-
                  | Will+++ SInv} (Trog gifted it to you in the Dungeon)
  6315 | D        | Received a gift from Trog
  6318 | D        | Killed a vampire knight
  6324 | D        | Reached skill level 27 in Axes
  6330 | D        | Killed a stone giant
  6335 | D        | Noticed a spriggan defender
  6342 | D        | Killed a spriggan defender
  6603 | D        | Received a gift from Trog
  6756 | D        | Noticed an ironbound preserver
  6756 | D        | Noticed a sphinx
  6761 | D        | Killed a sphinx
  6769 | D        | Killed an ironbound preserver
  6770 | D        | Noticed an ironbound thunderhulk
  6773 | D        | Received a gift from Trog
  6781 | D        | Noticed an ironbound preserver
  6782 | D        | Noticed an ironbound thunderhulk
  6796 | D        | Killed from afar by an ironbound thunderhulk

Illustrated notes

Levels and vault maps discovered:
D:        linesprint [early_d, line_temple, items_1, d_10, items_2, lair_1,
          lair_end, items_3, orc_1, orc_end, items_4, d_15, swamp_1, shoals_1,
          snake_1, spider_1, d_20, vaults_1, items_5, swamp_end, shoals_end,
          snake_end, spider_end, vaults_end, d_27, items_6, zot_1, zot_end,
          crypt_end, forest_end, elf_end, slime_end, tomb_end, abyss_end,
          pan_hell_end]

Skill      XL: |  1  2  3  4  5  6  7  8  9 10 11 12 13 14 |
---------------+-------------------------------------------+-----
Fighting       | 6 7 8 9 10 11 12 15 18 22 23 | 23.6
Armour         | 7 8 9 11 12 14 15 17 18 20 23 25 | 25.1
Shields        | 6 7 8 9 10 12 13 14 16 17 | 17.3
Axes           | 5 6 8 9 12 15 17 19 22 24 26 27 | 27.0
Dodging        | 1 2 3 4 5 6 |  6.1
Stealth        | 1 2 4 5 |  5.1
Evocations     | 1 2 4 5 |  5.9

Action                   |  1- 3 |  4- 6 |  7- 9 | 10-12 | 13-15 || total
-------------------------+-------+-------+-------+-------+-------++-------
Melee: War axe           |    19 |    14 |       |       |       ||    33
       Broad axe         |       |     9 |    49 |   221 |   157 ||   436
       Headbutt          |       |     4 |     6 |    49 |    39 ||    98
Invok: Brothers in Arms  |       |       |       |     9 |     7 ||    16
       Berserk           |       |       |       |     1 |     3 ||     4
       Trog's Hand       |       |       |       |     1 |     2 ||     3
Evoke: Wand              |       |       |     3 |     7 |       ||    10
  Use: Potion            |     2 |     1 |     1 |     6 |     5 ||    15
       Scroll            |       |       |     1 |     5 |     1 ||     7
 Stab: Invisible         |       |       |     2 |     3 |       ||     5
Armor: Scale mail        |    10 |     4 |       |       |       ||    14
       Plate armour      |       |     3 |    18 |    55 |    68 ||   144
Dodge: Dodged            |     7 |     6 |    19 |    63 |    43 ||   138
Block: Buckler           |     2 |     3 |    13 |    33 |    41 ||    92
